 Dungeon Crawl Stone Soup version 0.27.0-1-g7a089689b8 (webtiles) character file.

Game seed: 6490004706837284995

49 Spectrina the Sneak (level 3, -1/21 (22) HPs)
             Began as a Deep Elf Monk on Aug 2, 2021.
             Slain by a howler monkey (6 damage)
             ... on level 4 of the Dungeon.
             The game lasted 00:06:23 (695 turns).

Spectrina the Sneak (Deep Elf Monk)                  Turns: 695, Time: 00:06:24

HP:   -1/21 (22)    AC:  6    Str:  8    XL:     3   Next: 51%
MP:   7/7           EV: 13    Int: 15    God:
Gold: 57            SH:  0    Dex: 17    Spells: 1/5 levels left

rFire    . . .     SeeInvis .   a - +0 short sword
rCold    . . .     Faith    .   (no shield)
rNeg     . . .     Spirit   .   b - +0 robe
rPois    .         Reflect  .   (no helmet)
rElec    .         Harm     .   (no cloak)
rCorr    .         Rampage  .   (no gloves)
Will     .....                  (no boots)
Stlth    +++.......             (no amulet)
HPRegen  0.07/turn              e - +4 ring of protection
MPRegen  0.10/turn              (no ring)

@: lightly drained
A: no striking features
a: no special abilities


You were on level 4 of the Dungeon.
You visited 1 branch of the dungeon, and saw 5 of its levels.

You collected 57 gold pieces.

Inventory:

Hand Weapons
 a - a +0 short sword (weapon)
Missiles
 c - 22 stones (quivered)
 d - 2 poisoned darts
 f - 8 boomerangs
Armour
 b - a +0 robe (worn)
Jewellery
 e - a +4 ring of protection (left hand)


   Skills:
 - Level 2.4 Fighting
 - Level 3.0 Short Blades
 - Level 3.6 Dodging
 + Level 3.9 Stealth
 + Level 1.8 Spellcasting
 * Level 0.4 Conjurations
 + Level 1.4 Translocations
 * Level 0.3 Air Magic


You had one spell level left.
You knew the following spells:

 Your Spells              Type           Power      Damage    Failure   Level
a - Shock                 Conj/Air       8%         1d3       19%         1
v - Swiftness             Air            2%         N/A       52%         3

Your spell library contained the following spells:

 Spells                   Type           Power      Damage    Failure   Level
 Gell's Gravitas          Tloc           2%         N/A       36%         3
 Teleport Other           Tloc           5%         N/A       36%         3
 Airstrike                Air            1%         N/A       89%         4
 Dispersal                Tloc           2%         N/A       100%        6


Dungeon Overview and Level Annotations

Branches:
Dungeon (5/15)
 Temple: D:4-7

Altars:


Message History

The howler monkey is moderately wounded.
The howler monkey closely misses you.
You barely miss the howler monkey.
The howler monkey is moderately wounded.
The howler monkey closely misses you. The howler monkey hits you.
You hit the howler monkey.
The howler monkey is moderately wounded.
The howler monkey hoots and howls with incredible vigour!
You hear a shout! x3
You hit the howler monkey.
The howler monkey is heavily wounded.
The howler monkey closely misses you.
You closely miss the howler monkey.
The howler monkey is heavily wounded.
The howler monkey barely misses you.
You hit the howler monkey.
The howler monkey is heavily wounded.
The howler monkey hits you.
You hit the howler monkey.
The howler monkey is severely wounded.
The howler monkey barely misses you.
You hit the howler monkey.
The howler monkey is almost dead.
The howler monkey hits you but does no damage.
You closely miss the howler monkey.
The howler monkey is almost dead.
The howler monkey misses you.
You hit the howler monkey but do no damage.
The howler monkey is almost dead.
The howler monkey closely misses you. The howler monkey hits you.
* * * LOW HITPOINT WARNING * * *
Unknown command.
You hit the howler monkey but do no damage.
The howler monkey is almost dead.
The howler monkey hoots and howls with incredible vigour!
You hear a shout! x3
You closely miss the howler monkey.
The howler monkey is almost dead.
The howler monkey hits you.
You die...

#.........#
##+#.......#
###..........# .
#####''..........# ...
#................#
o....#.........#......#
o..............#......#
..##.....####+##......#
#.....# #@#########
#.....# ##h#######
.....### #........#
#..... #$.......#
#..... #........#
#.#.## #(.......#
#$.......# #..(.....#
#####+####


You could see a howler monkey (catching breath).

Vanquished Creatures
  A hound skeleton (D:4)
  A gnoll (D:1)
  A dart slug (D:1)
  5 ball pythons
  An endoplasm (D:1)
  2 giant cockroaches (D:1)
  A goblin (D:1)
  5 hobgoblins (D:1)
  A quokka (D:1)
  A bat (D:1)
  2 frilled lizards (D:1)
  A kobold (D:4)
  A rat (D:1)
23 creatures vanquished.

Notes
Turn   | Place    | Note
-------+----------+-------------------------------------------
     0 | D:1      | Spectrina the Deep Elf Monk began the quest for the Orb.
     0 | D:1      | Reached XP level 1. HP: 13/13 MP: 3/3
   146 | D:1      | Reached XP level 2. HP: 13/18 MP: 4/4
   206 | D:2      | Noticed a necrophage
   241 | D:1      | Reached skill level 1 in Spellcasting
   333 | D:1      | Reached skill level 1 in Translocations
   333 | D:1      | Reached XP level 3. HP: 5/22 MP: 5/7
   419 | D:1      | You fall into a shaft and drop 1 floor!
   464 | D:3      | Learned a level 1 spell: Shock
   468 | D:3      | Learned a level 3 spell: Swiftness
   498 | D:3      | Noticed a necrophage
   648 | D:5      | Entered Level 5 of the Dungeon
   648 | D:5      | Noticed a scorpion
   695 | D:4      | Slain by a howler monkey

Illustrated notes

Levels and vault maps discovered:
D:1:      dpeg_arrival_circle_labyrinth_a, layout_basic,
          amcnicky_mini_rare_corridor_liquid, serial_park_tiny_pond
D:2:      layout_rooms, hellmonk_ecumenical_altar_leap_of_faith, basic_altar,
          uniq_jessica
D:3:      kennysheep_goblin_castle, layout_basic, old_standard_altar,
          chequers_jeans
D:4:      layout_basic, minmay_temple_entry_mini_moons,
          kennysheep_cluttered_room, uniq_natasha, uniq_robin
D:5:      layout_cave_pools, minmay_small_thing

Skill      XL: |  1  2 |
---------------+-------+-----
Stealth        | 3 |  3.9
Spellcasting   | 1 |  1.8
Translocations | 1 |  1.4
Fighting       | |  2.4
Short Blades   | |  3.0
Dodging        | |  3.6
Conjurations   | |  0.4
Air Magic      | |  0.3

Action                   || total
-------------------------++-------
Melee: Short sword       ||   114
  Use: Scroll            ||     1
 Stab: Sleeping          ||     3
Armor: Robe              ||    25
Dodge: Dodged            ||    79
